Map: Prion Terraces

Players

ACRAaron

  • Race: Terran Terran
  • League: Gold

lIIlllllIIII (HuK) - Winner!

  • Race: Protoss Protoss
  • League: Grandmaster

VOD

Have the link to the VOD?

Description

Time

  • Played on: Nov. 21, 2015, 11:29 a.m.
  • Length: 4:57
Show
View Real Time Build Order
Export as new Build Order

ACRAaron Terran 

Build Orders: Command Center First (CC) 

Get SALT Encoding   

  12  0:01  SCV  
  13  0:13  SCV  
  14  0:18  Supply Depot  
  14  0:25  SCV  
  15  0:39  SCV  
  16  0:52  SCV  
  17  1:02  Command Center  
  17  1:05  SCV  
  18  1:20  SCV  
  18  1:21  Barracks  
  19  1:32  SCV  
  20  1:35  Barracks  
  20  1:44  SCV  
  21  1:54  Barracks  
  21  1:59  SCV  
  22  2:04  Refinery  
  22  2:10  Marine  
  22  2:13  Orbital Command  
  23  2:18  Orbital Command  
  23  2:28  Bunker  
  23  2:35  Refinery  
  23  2:36  Marine  
  24  2:38  Marine  
  24  2:43  SCV  
  26  2:47  Barracks Tech Lab  
  25  2:54  SCV  
  25  2:55  SCV  
  27  3:02  Barracks Tech Lab  
  27  3:05  Marine  
  27  3:08  SCV, Marauder  
  27  3:09  SCV  
  31  3:34  Marine x3  
  22  3:44  SCV  
  23  3:53  Marine x2  
  25  4:00  Marine  
  25  4:01  Engineering Bay  
  26  4:16  Marine x2  
  26  4:18  Marine  
  25  4:30  Missile Turret  
  25  4:31  SCV  
  25  4:32  SCV  
Show
View Real Time Build Order
Export as new Build Order

lIIlllllIIII Protoss - Winner!

Build Orders: Oracle Opening 

Get SALT Encoding   

  12  0:01  Probe (Chrono Boost)  
  13  0:11  Probe (Chrono Boost)  
  14  0:21  Pylon  
  14  0:22  Probe (Chrono Boost)  
  15  0:39  Probe (Chrono Boost)  
  15  0:40  Gateway  
  15  0:42  Assimilator  
  16  0:48  Assimilator  
  16  0:50  Probe (Chrono Boost)  
  17  1:01  Probe (Chrono Boost)  
  18  1:12  Probe (Chrono Boost)  
  19  1:22  Probe (Chrono Boost)  
  20  1:28  Cybernetics Core  
  21  1:33  Probe (Chrono Boost)  
  21  1:37  Pylon  
  21  1:43  Probe (Chrono Boost)  
  22  1:54  Probe (Chrono Boost)  
  23  2:04  Probe (Chrono Boost), Stargate  
  23  2:08  Adept, Warp Gate (Chrono Boost)  
  24  2:15  Probe  
  27  2:34  Gateway  
  27  2:47  Oracle (Chrono Boost)  
  30  2:51  Pylon  
  30  2:56  Gateway  
  30  2:57  Gateway  
  30  3:00  Gateway  
  30  3:18  Stalker  
  32  3:20  Void Ray (Chrono Boost)  
  36  3:32  Pylon  
  36  4:01  Void Ray (Chrono Boost)  
  40  4:12  Zealot x3  
  43  4:17  Pylon x2  
  39  4:25  Stalker  
  39  4:26  Stalker  
Tags
 
Add a new tag
Caveats
  • Supply blocks, unpowered buildings, or Contaminate may cause inaccurate times.
  • Supply counts are checked every 10 seconds.